 Dungeon Crawl Stone Soup version 0.28.0-43-g3370ac3207 (webtiles) character file.

Game seed: 3705521698754756661

12598 ZappyNine the Thaumaturge (level 11, -8/67 HPs)
             Began as a Deep Elf Necromancer on Mar 20, 2022.
             Was a Believer of Kikubaaqudgha.
             Mangled by an eight-headed hydra (10 damage)
             ... on level 12 of the Dungeon on Mar 21, 2022.
             The game lasted 00:25:25 (18021 turns).

ZappyNine the Thaumaturge (Deep Elf Necromancer)   Turns: 18021, Time: 00:25:26

Health: -8/67      AC: 11    Str:  5      XL:     11   Next: 64%
Magic:  4/38       EV: 13    Int: 24 (25) God:    Kikubaaqudgha [**....]
Gold:   485        SH:  0    Dex: 15      Spells: 14/35 levels left

rFire   . . .      SeeInvis .   e - +3 mace (protect)
rCold   . . .      Faith    .   (no shield)
rNeg    . . .      Spirit   .   w - +0 steam dragon scales
rPois   .          Reflect  .   (no helmet)
rElec   .          Harm     .   (no cloak)
rCorr   .          Rampage  .   (no gloves)
Will    +....                   l - +1 pair of boots {Stlth+}
Stlth   +++.......              (no amulet)
HPRegen 0.21/turn               j - +4 ring of protection
MPRegen 0.26/turn               C - ring of magical power

@: no status effects
A: deterioration 1
a: Renounce Religion, Receive Corpses


You were on level 12 of the Dungeon.
You worshipped Kikubaaqudgha.
Kikubaaqudgha was pleased with you.
You visited 2 branches of the dungeon, and saw 13 of its levels.

You collected 599 gold pieces.
You spent 114 gold pieces at shops.

Inventory:

Hand Weapons
 e - a +3 mace of protection (weapon)
 u - a +4 war axe of draining
Missiles
 p - a throwing net
Armour
 a - a +0 robe
 l - a +1 pair of boots of stealth (worn)
 w - +0 steam dragon scales (worn)
Jewellery
 j - a +4 ring of protection (left hand)
 s - an amulet of guardian spirit
 C - a ring of magical power (right hand)
 F - a +4 ring of protection
Wands
 i - a wand of paralysis (27)
 v - a wand of mindburst (15)
 E - a wand of flame (21)
 G - a wand of polymorph (4)
Scrolls
 b - 3 scrolls of noise
 c - 4 scrolls of teleportation
 d - 2 scrolls of blinking
 o - a scroll of immolation
 q - 6 scrolls of identify
 x - a scroll of magic mapping
 y - a scroll of silence
 A - 2 scrolls of fear
Potions
 f - a potion of brilliance
 g - 8 potions of curing
 k - a potion of lignification
 m - 2 potions of ambrosia
 n - a potion of cancellation
 r - a potion of haste
 t - a potion of attraction
 z - a potion of flight


   Skills:
 + Level 7.4 Fighting
 - Level 4.3 Dodging
 - Level 2.4 Stealth
 + Level 12.8 Spellcasting
 * Level 9.4 Conjurations
 + Level 11.2 Necromancy
 - Level 5.4 Earth Magic


You had 14 spell levels left.
You knew the following spells:

 Your Spells              Type           Power      Damage    Failure   Level
a - Pain                  Necr           100%       1d9       1%          1
b - Animate Skeleton      Necr           100%       N/A       1%          1
c - Vampiric Draining     Necr           62%        2d10      1%          3
d - Animate Dead          Necr           31%        N/A       1%          4
e - Agony                 Necr           62%        N/A       1%          5
f - Stone Arrow           Conj/Erth      100%       3d13      1%          3
g - Dispel Undead         Necr           62%        3d22      1%          4

Your spell library contained the following spells:

 Spells                   Type           Power      Damage    Failure   Level
 Sandblast                Erth           82%        2d17      1%          1
 Passwall                 Tmut/Erth      23%        N/A       1%          2
 Static Discharge         Conj/Air       38%        N/A       1%          2
 Sublimation of Blood     Necr           62%        N/A       1%          2
 Dazzling Flash           Conj/Hex       76%        N/A       1%          3
 Beastly Appendage        Tmut           30%        N/A       4%          1
 Freeze                   Ice            60%        1d8       4%          1
 Sting                    Tmut/Pois      60%        1d6       4%          1
 Summon Small Mammal      Summ           60%        N/A       4%          1
 Flame Wave               Conj/Fire      38%        2d9       5%          4
 Hailstorm                Conj/Ice       38%        3d9       5%          4
 Sticky Flame             Conj/Fire      38%        2d6       5%          4
 Poisonous Vapours        Pois/Air       30%        N/A       6%          2
 Scorch                   Fire           30%        2d7       6%          2
 Wereblood                Tmut           15%        N/A       6%          2
 Call Canine Familiar     Summ           15%        N/A       12%         3
 Frozen Ramparts          Ice            30%        1d5       12%         3
 Gell's Gravitas          Tloc           15%        N/A       12%         3
 Spider Form              Tmut/Pois      15%        N/A       12%         3
 Summon Guardian Golem    Hex/Summ       15%        N/A       12%         3
 Teleport Other           Tloc           15%        N/A       12%         3
 Olgreb's Toxic Radiance  Pois           15%        N/A       36%         4
 Passage of Golubria      Tloc           15%        N/A       36%         4
 Silence                  Hex/Air        7%         N/A       73%         5
 Dispersal                Tloc           7%         N/A       99%         6
 Summon Cactus Giant      Summ           7%         N/A       99%         6
 Lehudib's Crystal Spear  Conj/Erth      25%        10d7      100%        8


Dungeon Overview and Level Annotations

Branches:
Dungeon (12/15)            Temple (1/1) D:7            Lair (0/6) D:8
    Orc: D:9-12

Altars:
Ashenzari
Cheibriados
Dithmenos
Elyvilon
Fedhas
Gozag
Hepliaklqana
Kikubaaqudgha
Makhleb
Nemelex Xobeh
Okawaru
Qazlal
Ru
Sif Muna
Trog
Uskayaw
Vehumet
Wu Jian
Xom
Yredelemnul
Zin
The Shining One

Shops:
D:3 ?   D:5 (   D:9 [

Annotations:
D:11 2 runed translucent doors, WaxSun's ghost, journeyman FoCK


Innate Abilities, Weirdness & Mutations

Your body sometimes deteriorates upon taking damage.


Message History

Aiming: Stone Arrow (safe; 1% risk of failure)
Press: ? - help, Shift-Dir - straight line, f/p - eight-headed hydra
Aim: an eight-headed hydra (92% to hit)
The stone arrow hits the eight-headed hydra!
The eight-headed hydra is moderately wounded.
A cyclops comes into view.
The eight-headed hydra bites you! The eight-headed hydra misses you.
The eight-headed hydra bites you. x2; The eight-headed hydra misses you.
The eight-headed hydra closely misses you.
The eight-headed hydra bites you but does no damage.
The eight-headed hydra misses you.
Casting: Stone Arrow (safe; 1% risk of failure)
Confirm with . or Enter, or press ? or * to list all spells.
Aiming: Agony (dangerous; 1% risk of failure)
Press: ? - help, Shift-Dir - straight line, f/p - eight-headed hydra
Aim: an eight-headed hydra (moderately wounded, chance to affect: 90%)
The eight-headed hydra convulses!
The eight-headed hydra bites you but does no damage. x2
The eight-headed hydra bites you.
The eight-headed hydra bites you but does no damage.
The eight-headed hydra bites you! The eight-headed hydra misses you.
The eight-headed hydra bites you but does no damage.
The eight-headed hydra bites you.
Unknown command.
Casting: Agony (dangerous; 1% risk of failure)
Confirm with . or Enter, or press ? or * to list all spells.
Aiming: Agony (dangerous; 1% risk of failure)
Press: ? - help, Shift-Dir - straight line, f/p - eight-headed hydra
Aim: an eight-headed hydra (heavily wounded, chance to affect: 90%)
The eight-headed hydra convulses!
The sentinel's mark upon you fades away.
The eight-headed hydra completely misses you.
The eight-headed hydra misses you. x2; The eight-headed hydra bites you!
* * * LOW HITPOINT WARNING * * *
Your body deteriorates!
You feel dopey. The eight-headed hydra bites you!
* * * LOW HITPOINT WARNING * * *
The eight-headed hydra bites you!
You die...
Kikubaaqudgha rasps: "You have failed me!
Welcome... death!"

....####...........#
....# #...........#
....# #...........#
....+ #...........#
....# #....<......#
....# #########+#....
....# #....# ...
....+ #....# . ....#
#...@# ....#+##
####D#
#......#########'####
#......#...'.†#.....#
#......#...#..'.....#
#......'...#..#.....#
#...†..#..##..###.C##
......##..##### #..#
......#....+ #....#


You could see an eight-headed hydra and a cyclops.

Vanquished Creatures
  A hydra (D:12)
  A centaur warrior (D:10)
  3 two-headed ogres
  A boulder beetle (D:11)
  A cyclops (D:9)
  A manticore (D:12)
  An ugly thing (D:12)
  A gargoyle (D:10)
  2 trolls
  2 shadows
  A wraith (D:11)
  3 vampires
  9 yaks
  2 steam dragons
  3 vampire mosquitoes (D:12)
  An acid dragon (D:9)
  3 water moccasins
  A sky beast (D:5)
  2 hornet zombies (D:7)
  2 orc warriors
  3 ogres
  5 necrophages
  5 centaurs
  A phantom (D:5)
  A kobold brigand (D:11)
  5 bullfrogs
  A wyvern zombie (D:7)
  2 gnoll sergeants
  2 scorpions
  3 killer bees (D:9)
  3 howler monkeys
  An electric eel (D:11)
  6 crimson imps (D:11)
  3 jellies
  2 bullfrog zombies
  5 orc priests
  5 centaur zombies
  A human zombie (D:7)
  3 centaur skeletons
  3 iguanas
  Terence (D:1)
  2 orc wizards
  A hound zombie (D:5)
  2 mummies (D:7)
  3 howler monkey zombies
  12 gnolls
  A howler monkey skeleton (D:6)
  12 adders
  A shadow imp (D:11)
  3 white imps
  An ufetubus (D:6)
  3 worms (D:2)
  A dart slug (D:1)
  22 orcs
  5 endoplasms
  4 giant cockroaches
  8 goblins
  13 hobgoblins
  5 quokkas
  4 ball pythons
  11 bats
  8 frilled lizards
  6 kobolds
  2 rats
232 creatures vanquished.

Vanquished Creatures (collateral kills)
  A gnoll (D:5)
  A dart slug (D:5)
  An orc (D:5)
3 creatures vanquished.

Vanquished Creatures (others)
  6 plants (D:1)
6 creatures vanquished.

Grand Total: 241 creatures vanquished

Notes
Turn   | Place    | Note
-------+----------+-------------------------------------------
     0 | D:1      | ZappyNine the Deep Elf Necromancer began the quest for the
                  | Orb.
     0 | D:1      | Reached XP level 1. HP: 10/10 MP: 6/6
   193 | D:1      | Reached skill level 5 in Necromancy
   535 | D:1      | Reached XP level 2. HP: 9/16 MP: 8/8
   922 | D:1      | Found a faded altar of an unknown god.
  1135 | D:1      | Reached skill level 1 in Fighting
  1392 | D:2      | Reached XP level 3. HP: 20/20 MP: 10/10
  1403 | D:2      | Learned a level 1 spell: Animate Skeleton
  1568 | D:2      | Noticed Terence
  1610 | D:1      | Gained mutation: Your body sometimes deteriorates upon
                  | taking damage. [potion of mutation]
  1610 | D:1      | HP: 1/20 [Terence/+0 mace (3)]
  1638 | D:1      | Killed Terence
  1639 | D:1      | Reached skill level 4 in Spellcasting
  1959 | D:2      | Reached XP level 4. HP: 25/25 MP: 12/12
  3079 | D:2      | Learned a level 3 spell: Vampiric Draining
  3084 | D:2      | Learned a level 4 spell: Animate Dead
  3795 | D:3      | Reached XP level 5. HP: 17/30 MP: 14/14
  4182 | D:3      | Found Quvyowi's Magic Scroll Shoppe.
  4187 | D:3      | Bought a scroll of identify for 24 gold pieces
  4187 | D:3      | Bought a scroll of blinking for 90 gold pieces
  5268 | D:4      | Reached skill level 5 in Spellcasting
  5391 | D:5      | Entered Level 5 of the Dungeon
  5413 | D:5      | Noticed a sky beast
  5424 | D:5      | Killed a sky beast
  5425 | D:5      | Reached XP level 6. HP: 36/36 MP: 5/16
  6000 | D:5      | Reached skill level 6 in Spellcasting
  6115 | D:5      | Reached XP level 7. HP: 40/41 MP: 5/18
  6793 | D:5      | Reached skill level 7 in Spellcasting
  6872 | D:5      | Found Fotiroevu's Weapon Emporium.
  7579 | D:6      | Reached XP level 8. HP: 44/48 MP: 14/21
  7766 | D:5      | Reached skill level 8 in Spellcasting
  7995 | D:6      | Reached skill level 5 in Fighting
  8399 | D:6      | Reached skill level 9 in Spellcasting
  8534 | D:6      | Learned a level 5 spell: Agony
  8914 | D:6      | Reached XP level 9. HP: 41/54 MP: 7/24
  9678 | D:7      | Learned a level 3 spell: Stone Arrow
  9686 | D:7      | Found a staircase to the Ecumenical Temple.
 10292 | D:7      | Found a basalt altar of Yredelemnul.
 10412 | D:7      | Reached skill level 1 in Conjurations
 10412 | D:7      | Reached skill level 1 in Earth Magic
 10666 | Temple   | Entered the Ecumenical Temple
 11038 | Temple   | Became a worshipper of Kikubaaqudgha
 12028 | D:8      | Reached skill level 10 in Spellcasting
 12124 | D:8      | Found a staircase to the Lair.
 12811 | D:9      | Found Banuegus's Superior Scales.
 12955 | D:9      | Noticed a cyclops
 13069 | D:9      | Killed a cyclops
 13070 | D:9      | Reached skill level 5 in Conjurations
 13070 | D:9      | Reached skill level 5 in Earth Magic
 13070 | D:9      | Reached XP level 10. HP: 60/60 MP: 13/26
 13395 | D:9      | Reached * piety under Kikubaaqudgha
 13395 | D:9      | Received a gift from Kikubaaqudgha
 13777 | D:9      | Reached skill level 11 in Spellcasting
 14028 | D:10     | Entered Level 10 of the Dungeon
 14040 | D:10     | Noticed a centaur warrior
 14047 | D:10     | Killed a centaur warrior
 14658 | D:10     | Noticed a gargoyle
 14674 | D:10     | Reached skill level 10 in Necromancy
 14903 | D:10     | Learned a level 4 spell: Dispel Undead
 14943 | D:10     | Killed a gargoyle
 15189 | D:11     | You fall into a shaft and drop 1 floor!
 15189 | D:12     | Noticed a green ugly thing
 15195 | D:12     | Killed a brown ugly thing
 15280 | D:12     | Noticed a manticore
 15289 | D:12     | Killed a manticore
 15290 | D:12     | Reached skill level 12 in Spellcasting
 15304 | D:12     | Noticed a four-headed hydra
 15582 | D:11     | Noticed a two-headed ogre
 15591 | D:11     | Killed a two-headed ogre
 15592 | D:11     | Reached XP level 11. HP: 39/66 MP: 20/29
 15912 | D:11     | Noticed a lich
 15912 | D:11     | Noticed WaxSun's ghost (journeyman FoCK)
 15915 | D:11     | Noticed a necromancer
 15915 | D:11     | Noticed an ettin
 15916 | D:11     | Noticed a stone giant
 16056 | D:11     | Found a runed translucent door.
 16350 | D:11     | Reached ** piety under Kikubaaqudgha
 16650 | D:11     | Noticed a boulder beetle
 16660 | D:11     | Killed a boulder beetle
 16869 | D:11     | Found a runed translucent door.
 16871 | D:11     | Noticed a skeletal warrior
 17630 | D:12     | Noticed a two-headed ogre
 17635 | D:12     | Killed a two-headed ogre
 17920 | D:12     | Killed a four-headed hydra
 18007 | D:12     | Noticed an eight-headed hydra
 18010 | D:12     | Noticed a two-headed ogre
 18018 | D:12     | Killed a two-headed ogre
 18021 | D:12     | HP: 2/67 [eight-headed hydra (10)]
 18021 | D:12     | Mangled by an eight-headed hydra

Illustrated notes

Levels and vault maps discovered:
D:1:      lightli_arrival_maybe_door_vault, layout_loops_ring,
          shapermc_ecumenical_altar_mp_ritualfount, kennysheep_pointless_box
D:2:      minmay_chambers_of_ones, layout_rooms, uniq_terence
D:3:      layout_loops_corners, serial_shops, nicolae_shop_trees,
          wad_floor_pattern_1, minmay_goblin_outpost
D:4:      layout_loops_ring
D:5:      layout_loops_ring, serial_shops, nicolae_shop_bloodbath_and_beyond,
          grunt_ministairs_9
D:6:      minmay_octagon_keep, layout_cave_pools
D:7:      layout_layer_cave, lemuel_mausoleum_altar_yredelemnul,
          minmay_temple_entry_trees
D:8:      layout_loops_ring, lair_entry_dummy
D:9:      layout_basic, hellmonk_scale_shop
D:10:     layout_gridville, library_closet
D:11:     layout_irregular_city, muffindrake_ghost_dual_entry,
          nicolae_water_bricks, minmay_nine_imps
D:12:     layout_gridville, orc_0_dummy
Temple:   mainiacjoe_temple_circle_huts

Skill      XL: |  1  2  3  4  5  6  7  8  9 10 11 |
---------------+----------------------------------+-----
Necromancy     | 5 6 7 8 9 10 11 | 11.2
Fighting       | 1 2 3 4 5 6 7 |  7.4
Spellcasting   | 4 5 6 7 9 10 12 | 12.8
Dodging        | 3 4 |  4.3
Conjurations   | 5 7 9 |  9.4
Earth Magic    | 5 |  5.4
Stealth        | |  2.4

Action                   |  1- 3 |  4- 6 |  7- 9 | 10-12 || total
-------------------------+-------+-------+-------+-------++-------
Melee: Mace              |    80 |   249 |   263 |    40 ||   632
       Punch             |     1 |     3 |     4 |     1 ||     9
 Cast: Pain              |    19 |     7 |     7 |       ||    33
       Vampiric Draining |       |    16 |    49 |    32 ||    97
       Animate Dead      |       |     4 |       |     1 ||     5
       Agony             |       |       |     9 |     9 ||    18
       Stone Arrow       |       |       |    56 |   118 ||   174
       Dispel Undead     |       |       |       |     5 ||     5
  Use: Potion            |     4 |       |     4 |     1 ||     9
       Scroll            |       |     1 |    10 |     7 ||    18
 Stab: Sleeping          |     5 |     5 |     1 |     1 ||    12
       Distracted        |     1 |     1 |       |       ||     2
Armor: Robe              |    34 |   147 |   142 |       ||   323
       Steam dragon scal |       |       |    52 |    79 ||   131
Dodge: Dodged            |    67 |   235 |   278 |   120 ||   700
